AoeStats
← [GG] Shevchenko 7

Arabia

508329538Analyzed
2v2 RM · 12d ago on Sep 22, 2026· 16m 15s· 4 players
Game mode
Random Map
Map size
Medium (4 player)
Population
200
Speed
Normal
Resources
Standard
Victory
Conquest
Starting age
Dark Age
Ending age
Imperial Age
RankedLock teamsTeams togetherTeam positionsShared explorationLock speedFull tech treeHidden civsTurbo modeCheats
Victory
Defeat
🇧🇷 Malians · Brazil
1021
+12
🇧🇷 Persians · Brazil
977
+14
🇨🇴 Cumans · Colombia
939
-13
🇺🇸 Wei · United States
927
-13
DWAYNEger Danger
5:56 Loom
12:15 Feudal Age
14:01 Double-Bit Axe
15:12 Wheelbarrow
Caesar6742
0:35 Loom
13:37 Feudal Age
[GG] Shevchenko 7
4:58 Loom
10:53 Feudal Age
15:19 Scale Barding Armor
16:56 Forging
[GG] Trezeguet
4:54 Loom
9:03 Feudal Age
11:23 Double-Bit Axe
15:15 Bloodlines
Connection lost

Rejoining the realm…

Still unreachable

The connection could not be restored.

Session expired

The server has moved on; the page needs a fresh start.